Icehogs vs Moose
Created - April 19, 2023 at 20:18
Goals
|
Icehogs |
0 |
2 |
2 |
4 |
Moose |
2 |
0 |
0 |
2 |
|
Shots
|
Icehogs |
7 |
7 |
8 |
22 |
Moose |
15 |
11 |
7 |
33 |
|
1st period
1. Moose , Chase De Leo 13 (Mathieu Joseph 29) at 2:20 (PP)
2. Moose , Boris Katchouk 5 (Julien Gauthier 12, Erik Cernak 17) at 19:21
Penalties :
Duncan Siemens (Roc) for Slashing (Minor) at 1:48, Mathieu Joseph (Man) for Holding (Minor) at 16:17
2nd period
3. Icehogs , Michael Chaput 14 (Mike Reilly 37, Nick Mattson 35) at 7:36
4. Icehogs , Kurtis Gabriel 7 (Mikhail Grigorenko 34, Nick Mattson 36) at 19:12
Penalties :
Mike Reilly (Roc) for Roughing (Minor) at 12:43
3rd period
5. Icehogs , Kurtis Gabriel 8 (Mikhail Grigorenko 35, Julius Honka 17) at 2:30
6. Icehogs , Mike Reilly 7 (Stefan Matteau 5, Nick Mattson 37) at 19:03
Penalties :
No Penalty
Goalie Stats
Mark Visentin (Roc), 31 saves from 33 shots - (0.939), W, 34-16-7, 60:00 minutes
Filip Gustavsson (Man), 18 saves from 22 shots - (0.818), L, 16-14-3, 60:00 minutes
Players Stats for Icehogs
Player Name G A P +/- PIM S H SB GA TA FO MP PP MP PK MP
------------------------------------------------------------------------------------
Andrew Mangiapane 0 0 0 -1 0 0 0 0 1 0 0/0 18:18 0:52 0:57
Andrew Poturalski 0 0 0 -1 0 0 2 1 1 0 3/6 17:19 0:52 0:00
Calle Andersson 0 0 0 0 0 0 0 0 0 0 0/0 8:34 0:00 0:40
Duncan Siemens 0 0 0 -1 2 0 2 0 0 1 0/0 11:23 0:00 0:00
Hudson Fasching 0 0 0 -1 0 1 1 1 0 0 0/0 17:23 0:52 0:00
J.T. Brown 0 0 0 2 0 3 1 0 0 0 0/1 21:27 0:58 1:15
Jeremy Davies 0 0 0 -1 0 2 0 0 0 0 0/0 12:08 0:00 0:44
Julius Honka 0 1 1 2 0 0 0 0 0 1 0/0 17:07 0:51 0:35
Kurtis Gabriel 2 0 2 2 0 3 1 0 0 0 0/0 13:15 0:00 0:00
Mattias Janmark 0 0 0 0 0 0 0 0 0 0 0/0 3:48 0:09 0:19
Michael Chaput 1 0 1 2 0 5 1 2 1 0 7/24 21:01 0:58 0:52
Mike Reilly 1 1 2 2 2 1 0 1 1 0 0/0 22:15 1:08 0:32
Mikhail Grigorenko 0 2 2 2 0 1 0 0 0 0 0/0 12:59 0:00 0:00
Mitchell Chaffee 0 0 0 0 0 0 0 0 0 0 0/0 0:00 0:00 0:00
Myles Bell 0 0 0 1 0 1 0 0 1 0 2/2 6:10 0:09 0:00
Nick Mattson 0 3 3 2 0 0 3 4 0 1 0/0 23:40 1:08 1:56
Nick Paul 0 0 0 1 0 1 0 0 0 0 2/4 15:25 0:00 0:00
Patrick Russell 0 0 0 0 0 0 0 0 0 0 0/0 5:44 0:00 0:00
Patrick Sieloff 0 0 0 2 0 0 2 0 1 0 0/0 17:07 0:51 0:35
Ross Johnston 0 0 0 0 0 0 0 0 0 0 0/0 1:23 0:00 0:26
Stefan Matteau 0 1 1 2 0 4 3 1 1 0 4/6 23:12 1:07 1:13
Zach Whitecloud 0 0 0 0 0 0 1 0 0 0 0/0 7:49 0:00 0:00
Players Stats for Moose
Player Name G A P +/- PIM S H SB GA TA FO MP PP MP PK MP
------------------------------------------------------------------------------------
Boris Katchouk 1 0 1 1 0 1 0 0 0 0 0/0 8:39 0:00 0:00
Chase De Leo 1 0 1 0 0 7 1 1 1 0 4/5 7:53 0:13 0:44
Dylan Strome 0 0 0 -2 0 3 2 0 0 0 17/26 20:44 1:06 1:10
Erik Cernak 0 1 1 -1 0 0 3 0 0 0 0/0 19:24 0:46 1:14
Jake Leschyshyn 0 0 0 0 0 0 3 0 0 0 1/4 13:51 0:16 0:37
Josh Mahura 0 0 0 1 0 1 0 0 0 2 0/0 14:41 0:00 0:06
Julien Gauthier 0 1 1 1 0 0 0 0 0 0 0/1 8:48 0:00 0:03
Juuso Valimaki 0 0 0 1 0 0 2 0 0 0 0/0 14:54 0:00 0:06
Kyle Connor 0 0 0 -1 0 4 1 1 1 0 0/1 19:55 1:06 0:51
Ludwig Bystrom 0 0 0 -3 0 2 0 4 0 2 0/0 26:06 1:45 0:39
Mathieu Joseph 0 1 1 -2 2 1 2 0 0 1 0/0 16:15 1:25 0:00
Michael McLeod 0 0 0 -1 0 0 2 0 0 0 3/6 16:22 0:56 0:00
Mirco Mueller 0 0 0 -3 0 1 4 0 0 1 0/0 26:06 1:45 0:39
Nathan Walker 0 0 0 -2 0 2 3 0 0 1 0/0 16:48 1:25 0:33
Nikolay Goldobin 0 0 0 -1 0 1 2 2 0 0 0/0 14:03 0:00 0:00
Roman Josi 0 0 0 -1 0 2 3 3 0 0 0/0 19:13 0:46 1:14
Tomas Jurco 0 0 0 -1 0 6 3 0 1 0 0/0 18:55 1:06 0:00
Vinni Lettieri 0 0 0 -1 0 2 2 0 0 0 0/0 15:23 0:00 0:00
3 Stars
1 - Kurtis Gabriel (Roc)
2 - Nick Mattson (Roc)
3 - Michael Chaput (Roc)
Power Play
Icehogs - 0 on 1 Attempt(s) - 0.00%
Moose - 1 on 2 Attempt(s) - 50.00%
Penalty Kill
Icehogs - 1 on 2 Attempt(s) - 50.00%
- Score 0 goal in Penalty Kill
Moose - 1 on 1 Attempt(s) - 100.00%
- Score 0 goal in Penalty Kill
Team Stat
Icehogs - Hits : 17 - Faceoff Wins : 18 - Blocked Shots : 10 - Penalty Minutes : 4
Moose - Hits : 33 - Faceoff Wins : 25 - Blocked Shots : 11 - Penalty Minutes : 2
Official
Referees : Furman South and Reid Anderson
Linesman : Pierre Racicot and Vaughan Rody
Game Notes
Chase De Leo is injured at 6:30 of 2nd period (Lacerated Right Calf)
Finance
Level 1 -- Attendance: 1701 (85.05%) -- Ticket Income $59,535
Level 2 -- Attendance: 991 (99.10%) -- Ticket Income $14,865
Total Attendance: 2692 (89.73%)
Total Ticket Income: $74,400
Other Income: $3,720
Total Income: $78,120
Icehogs
5 vs 5 Forward
Center Left Wing Right Wing Time % Phy DF OF
1 Michael Chaput Stefan Matteau J.T. Brown 40 1 2 2
2 Andrew Poturalski Andrew Mangiapane Hudson Fasching 30 1 2 2
3 Nick Paul Mikhail Grigorenko Kurtis Gabriel 20 1 2 2
4 Stefan Matteau Nick Paul Patrick Russell 10 1 2 2
5 vs 5 Defense
Defense Defense Time % Phy DF OF
1 Nick Mattson Mike Reilly 40 1 2 2
2 Patrick Sieloff Julius Honka 30 1 2 2
3 Duncan Siemens Jeremy Davies 20 1 2 2
4 Calle Andersson Zach Whitecloud 10 1 2 2
PowerPlay Forward
Center Left Wing Right Wing Time % Phy DF OF
1 Michael Chaput Stefan Matteau J.T. Brown 60 1 2 2
2 Andrew Poturalski Andrew Mangiapane Hudson Fasching 40 1 2 2
PowerPlay Defense
Defense Defense Time % Phy DF OF
1 Nick Mattson Mike Reilly 60 1 2 2
2 Patrick Sieloff Julius Honka 40 1 2 2
Penalty Kill 4 Players Forward
Center Wing Time % Phy DF OF
1 Stefan Matteau J.T. Brown 60 1 2 2
2 Andrew Mangiapane Michael Chaput 40 1 2 2
Penalty Kill 4 Players Defense
Defense Defense Time % Phy DF OF
1 Nick Mattson Mike Reilly 60 1 2 2
2 Patrick Sieloff Julius Honka 40 1 2 2
Penalty Kill - 3 Players Forward
Forward Time % Phy DF OF
1 Stefan Matteau 60 1 2 2
2 J.T. Brown 40 1 2 2
Penalty Kill - 3 Players Defense
Defense Defense Time % Phy DF OF
1 Nick Mattson Mike Reilly 60 1 2 2
2 Patrick Sieloff Julius Honka 40 1 2 2
4 vs 4 Forward
Center Wing Time % Phy DF OF
1 Stefan Matteau J.T. Brown 60 1 2 2
2 Andrew Mangiapane Michael Chaput 40 1 2 2
4 vs 4 Defense
Defense Defense Time % Phy DF OF
1 Nick Mattson Mike Reilly 60 1 2 2
2 Patrick Sieloff Julius Honka 40 1 2 2
Last Minutes Offensive
Center Left Wing Right Wing Defense Defense
Michael Chaput Stefan Matteau J.T. Brown Nick Mattson Mike Reilly
Last Minutes Defensive
Center Left Wing Right Wing Defense Defense
Michael Chaput Stefan Matteau J.T. Brown Nick Mattson Mike Reilly
Goaltenders
Starting : Mark Visentin
Backup : Mackenzie Blackwood
Extra Forwards
Normal : Myles Bell, Mattias Janmark, Ross Johnston - PP : Myles Bell, Mattias Janmark - PK : Ross Johnston
Extra Defensemen
Normal : Duncan Siemens, Jeremy Davies, Calle Andersson - PP : Duncan Siemens - PK : Jeremy Davies, Calle Andersson
Penalty Shots
Stefan Matteau, J.T. Brown, Andrew Mangiapane, Michael Chaput, Mikhail Grigorenko
Scratches
Clark Bishop (Healthy), Kristian Reichel (Healthy), JJ. Piccinich (Healthy), Nikita Scherbak (Torn Left MCL Injury), Dillon Dube (Back Injury)
Jackson Cates (Healthy), Michael Giugovaz (Healthy), Jack LaFontaine (Healthy)
Moose
5 vs 5 Forward
Center Left Wing Right Wing Time % Phy DF OF
1 Dylan Strome Kyle Connor Tomas Jurco 40 1 2 2
2 Michael McLeod Nathan Walker Mathieu Joseph 30 1 2 2
3 Chase De Leo Nikolay Goldobin Vinni Lettieri 20 1 2 2
4 Jake Leschyshyn Boris Katchouk Julien Gauthier 10 1 2 2
5 vs 5 Defense
Defense Defense Time % Phy DF OF
1 Mirco Mueller Ludwig Bystrom 40 1 2 2
2 Roman Josi Erik Cernak 30 1 2 2
3 Juuso Valimaki Josh Mahura 20 1 2 2
4 Mirco Mueller Ludwig Bystrom 10 1 2 2
PowerPlay Forward
Center Left Wing Right Wing Time % Phy DF OF
1 Dylan Strome Kyle Connor Tomas Jurco 60 1 2 2
2 Chase De Leo Nathan Walker Mathieu Joseph 40 1 2 2
PowerPlay Defense
Defense Defense Time % Phy DF OF
1 Mirco Mueller Ludwig Bystrom 60 1 2 2
2 Roman Josi Erik Cernak 40 1 2 2
Penalty Kill 4 Players Forward
Center Wing Time % Phy DF OF
1 Dylan Strome Mathieu Joseph 60 1 2 2
2 Chase De Leo Julien Gauthier 40 1 2 2
Penalty Kill 4 Players Defense
Defense Defense Time % Phy DF OF
1 Mirco Mueller Ludwig Bystrom 60 1 2 2
2 Roman Josi Erik Cernak 40 1 2 2
Penalty Kill - 3 Players Forward
Forward Time % Phy DF OF
1 Dylan Strome 60 1 2 2
2 Chase De Leo 40 1 2 2
Penalty Kill - 3 Players Defense
Defense Defense Time % Phy DF OF
1 Mirco Mueller Ludwig Bystrom 60 1 2 2
2 Roman Josi Erik Cernak 40 1 2 2
4 vs 4 Forward
Center Wing Time % Phy DF OF
1 Dylan Strome Kyle Connor 60 1 2 2
2 Chase De Leo Nikolay Goldobin 40 1 2 2
4 vs 4 Defense
Defense Defense Time % Phy DF OF
1 Mirco Mueller Ludwig Bystrom 60 1 2 2
2 Roman Josi Erik Cernak 40 1 2 2
Last Minutes Offensive
Center Left Wing Right Wing Defense Defense
Dylan Strome Kyle Connor Mathieu Joseph Mirco Mueller Ludwig Bystrom
Last Minutes Defensive
Center Left Wing Right Wing Defense Defense
Dylan Strome Kyle Connor Mathieu Joseph Mirco Mueller Ludwig Bystrom
Goaltenders
Starting : Filip Gustavsson
Backup : Brandon Halverson
Extra Forwards
Normal : Chase De Leo, Michael McLeod, Vinni Lettieri - PP : Chase De Leo, Michael McLeod - PK : Chase De Leo
Extra Defensemen
Normal : Erik Cernak, Juuso Valimaki, Josh Mahura - PP : Erik Cernak - PK : Erik Cernak, Juuso Valimaki
Penalty Shots
Kyle Connor, Nikolay Goldobin, Mathieu Joseph, Dylan Strome, Chase De Leo
Scratches
Anders Bjork (Healthy), Lane MacDermid (Healthy), Matthew Benning (Healthy), Urho Vaakanainen (Healthy), Mitchell Stephens (Healthy)
Nelson Nogier (Healthy), Nick Merkley (Healthy), Jonathan Kovacevic (Healthy), Max Jones (Healthy), Nathan Bastian (Healthy)
William Bitten (Healthy), Kieffer Bellows (Healthy), Tim Gettinger (Healthy), Joey Daccord (Healthy), Karel Vejmelka (Healthy)
Daniel Vladar (Healthy)
% Time on Ice - Icehogs
Lines # - Real PCT - Wanted PCT - Time Play
Normal Forward
1 - 35% - 40% - 19:04
2 - 32% - 30% - 17:25
3 - 24% - 20% - 12:59
4 - 10% - 10% - 5:44
Normal Defense
1 - 37% - 40% - 20:21
2 - 28% - 30% - 15:38
3 - 21% - 20% - 11:24
4 - 14% - 10% - 7:49
PP Forward
1 - 56% - 60% - 1:07
2 - 44% - 40% - 0:52
PP Defense
1 - 57% - 60% - 1:08
2 - 43% - 40% - 0:51
PK Forward
1 - 78% - 60% - 1:58
2 - 22% - 40% - 0:33
PK Defense
1 - 77% - 60% - 1:56
2 - 23% - 40% - 0:35
PK3 Forward
1 - 0% - 60%
2 - 0% - 40%
PK3 Defense
1 - 0% - 60%
2 - 0% - 40%
44 Forward
1 - 0% - 60%
2 - 0% - 40%
44 Defense
1 - 0% - 60%
2 - 0% - 40%
Last Minute Offensive - 0:00
Last Minute Defensive - 0:18
Total
Forward - 60:00
Defense - 60:00
|
% Time on Ice - Moose
Lines # - Real PCT - Wanted PCT - Time Play
Normal Forward
1 - 30% - 40% - 16:36
2 - 30% - 30% - 16:48
3 - 24% - 20% - 13:13
4 - 16% - 10% - 8:39
Normal Defense
1 - 37% - 40% - 20:24
2 - 31% - 30% - 17:13
3 - 26% - 20% - 14:29
4 - 6% - 10% - 3:10
PP Forward
1 - 44% - 60% - 1:06
2 - 56% - 40% - 1:25
PP Defense
1 - 70% - 60% - 1:45
2 - 30% - 40% - 0:46
PK Forward
1 - 97% - 60% - 1:56
2 - 3% - 40% - 0:03
PK Defense
1 - 38% - 60% - 0:45
2 - 62% - 40% - 1:14
PK3 Forward
1 - 0% - 60%
2 - 0% - 40%
PK3 Defense
1 - 0% - 60%
2 - 0% - 40%
44 Forward
1 - 0% - 60%
2 - 0% - 40%
44 Defense
1 - 0% - 60%
2 - 0% - 40%
Last Minute Offensive - 0:14
Last Minute Defensive - 0:00
Total
Forward - 60:00
Defense - 60:00
|
Play-by-Play
1st period
0:01 of 1st period - Dylan Strome wins face-off versus Stefan Matteau in neutral zone.
0:08 of 1st period - Snap shot by Dylan Strome.
0:08 of 1st period - Deflect By Kyle Connor.
0:08 of 1st period - Stopped by Mark Visentin without a rebound.
0:09 of 1st period - Michael Chaput wins face-off versus Dylan Strome in Icehogs zone.
0:16 of 1st period - Slapshot by Mike Reilly.
0:16 of 1st period - Shot Misses the Net.
0:20 of 1st period - Wrist shot by Stefan Matteau.
0:20 of 1st period - Deflect By Ludwig Bystrom.
0:20 of 1st period - Shot Blocked by Ludwig Bystrom.
0:20 of 1st period - Puck is out of play.
0:21 of 1st period - Michael McLeod wins face-off versus Andrew Poturalski in Moose zone.
0:30 of 1st period - Slapshot by Nathan Walker.
0:30 of 1st period - Stopped by Mark Visentin with a rebound.
0:55 of 1st period - Slapshot by Nikolay Goldobin.
0:55 of 1st period - Deflect By Chase De Leo.
0:55 of 1st period - Stopped by Mark Visentin without a rebound.
0:56 of 1st period - Stefan Matteau wins face-off versus Jake Leschyshyn in Icehogs zone.
1:01 of 1st period - Slapshot by Nick Paul.
1:01 of 1st period - Stopped by Filip Gustavsson with a rebound.
1:04 of 1st period - Icing by Juuso Valimaki.
1:05 of 1st period - Nick Paul wins face-off versus Julien Gauthier in Moose zone.
1:06 of 1st period - Wrist shot by Stefan Matteau.
1:06 of 1st period - Shot Misses the Net.
1:12 of 1st period - Slapshot by Nick Paul.
1:12 of 1st period - Shot Misses the Net.
1:48 of 1st period - Minor Penalty to Duncan Siemens for Slashing.
1:49 of 1st period - Stefan Matteau wins face-off versus Dylan Strome in Icehogs zone.
1:49 of 1st period - Stefan Matteau is hit by Dylan Strome.
2:04 of 1st period - Snap shot by Kyle Connor.
2:04 of 1st period - Shot Blocked by Nick Mattson.
2:20 of 1st period - Wrist shot by Chase De Leo.
2:20 of 1st period - Goal by Chase De Leo - Icehogs : 0 - Moose : 1.
2:21 of 1st period - Dylan Strome wins face-off versus Michael Chaput in neutral zone.
2:48 of 1st period - Hudson Fasching is hit by Mirco Mueller and loses puck.
3:11 of 1st period - Wrist shot by Chase De Leo.
3:11 of 1st period - Shot Misses the Net.
3:22 of 1st period - Nikolay Goldobin is hit by Zach Whitecloud and loses puck.
3:39 of 1st period - Snap shot by Chase De Leo.
3:39 of 1st period - Stopped by Mark Visentin with a rebound.
3:49 of 1st period - Wrist shot by Nick Paul.
3:49 of 1st period - Shot Blocked by Nikolay Goldobin.
3:56 of 1st period - Icing by Chase De Leo.
3:57 of 1st period - Chase De Leo wins face-off versus Michael Chaput in Moose zone.
4:06 of 1st period - Snap shot by Nikolay Goldobin.
4:06 of 1st period - Stopped by Mark Visentin with a rebound.
5:11 of 1st period - Snap shot by Chase De Leo.
5:11 of 1st period - Stopped by Mark Visentin without a rebound.
5:12 of 1st period - Andrew Poturalski wins face-off versus Dylan Strome in Icehogs zone.
5:39 of 1st period - Patrick Sieloff is hit by Erik Cernak and loses puck.
6:19 of 1st period - Wrist shot by Kurtis Gabriel.
6:19 of 1st period - Deflect By Nick Paul.
6:19 of 1st period - Shot Blocked by Roman Josi.
6:19 of 1st period - Puck is out of play.
6:20 of 1st period - Jake Leschyshyn wins face-off versus Nick Paul in Moose zone.
6:31 of 1st period - Slapshot by Roman Josi.
6:31 of 1st period - Shot Misses the Net.
6:45 of 1st period - Erik Cernak is hit by Stefan Matteau and loses puck.
6:56 of 1st period - Slapshot by Michael Chaput.
6:56 of 1st period - Shot Blocked by Roman Josi.
7:08 of 1st period - Snap shot by Kyle Connor.
7:08 of 1st period - Shot Blocked by Hudson Fasching.
7:10 of 1st period - Slapshot by Roman Josi.
7:10 of 1st period - Stopped by Mark Visentin with a rebound.
7:12 of 1st period - Snap shot by Roman Josi.
7:12 of 1st period - Stopped by Mark Visentin without a rebound.
7:13 of 1st period - Andrew Poturalski wins face-off versus Dylan Strome in Icehogs zone.
7:13 of 1st period - Andrew Poturalski is hit by Dylan Strome.
7:49 of 1st period - Mathieu Joseph is hit by J.T. Brown and loses puck.
8:00 of 1st period - Snap shot by Nathan Walker.
8:00 of 1st period - Stopped by Mark Visentin with a rebound.
8:18 of 1st period - Wrist shot by Andrew Mangiapane.
8:18 of 1st period - Shot Blocked by Roman Josi.
8:20 of 1st period - Wrist shot by Hudson Fasching.
8:20 of 1st period - Stopped by Filip Gustavsson without a rebound.
8:21 of 1st period - Michael McLeod wins face-off versus Andrew Poturalski in Moose zone.
8:21 of 1st period - Michael McLeod is hit by Andrew Poturalski.
8:28 of 1st period - Nathan Walker is hit by Duncan Siemens.
9:06 of 1st period - Wrist shot by J.T. Brown.
9:06 of 1st period - Stopped by Filip Gustavsson without a rebound.
9:07 of 1st period - Chase De Leo wins face-off versus Michael Chaput in Moose zone.
9:12 of 1st period - Wrist shot by J.T. Brown.
9:12 of 1st period - Shot Misses the Net.
9:14 of 1st period - Wrist shot by Stefan Matteau.
9:14 of 1st period - Deflect By J.T. Brown.
9:14 of 1st period - Stopped by Filip Gustavsson without a rebound.
9:15 of 1st period - Chase De Leo wins face-off versus Michael Chaput in Moose zone.
9:40 of 1st period - Snap shot by Kyle Connor.
9:40 of 1st period - Shot Misses the Net.
9:48 of 1st period - Snap shot by Dylan Strome.
9:48 of 1st period - Shot Misses the Net.
10:25 of 1st period - Michael Chaput is hit by Jake Leschyshyn and loses puck.
11:13 of 1st period - Mike Reilly is hit by Tomas Jurco and loses puck.
11:30 of 1st period - Stefan Matteau is hit by Nathan Walker and loses puck.
11:41 of 1st period - Slapshot by Michael McLeod.
11:41 of 1st period - Shot Blocked by Michael Chaput.
11:59 of 1st period - Slapshot by Roman Josi.
11:59 of 1st period - Shot Misses the Net.
12:01 of 1st period - Slapshot by Erik Cernak.
12:01 of 1st period - Shot Misses the Net.
12:03 of 1st period - Slapshot by Erik Cernak.
12:03 of 1st period - Shot Blocked by Andrew Poturalski.
12:07 of 1st period - Slapshot by Julien Gauthier.
12:07 of 1st period - Shot Misses the Net.
12:17 of 1st period - Nick Paul is hit by Roman Josi and loses puck.
12:49 of 1st period - Snap shot by Kyle Connor.
12:49 of 1st period - Stopped by Mark Visentin with a rebound.
13:31 of 1st period - Snap shot by J.T. Brown.
13:31 of 1st period - Stopped by Filip Gustavsson with a rebound.
13:49 of 1st period - Wrist shot by Chase De Leo.
13:49 of 1st period - Stopped by Mark Visentin with a rebound.
13:51 of 1st period - Slapshot by Vinni Lettieri.
13:51 of 1st period - Stopped by Mark Visentin with a rebound.
15:03 of 1st period - Julius Honka is hit by Vinni Lettieri and loses puck.
15:14 of 1st period - Snap shot by Chase De Leo.
15:14 of 1st period - Stopped by Mark Visentin with a rebound.
16:06 of 1st period - Patrick Sieloff is hit by Mathieu Joseph and loses puck.
16:17 of 1st period - Minor Penalty to Mathieu Joseph for Holding.
16:18 of 1st period - Dylan Strome wins face-off versus Michael Chaput in Moose zone.
18:17 of 1st period - Penalty to Mathieu Joseph is over, Mathieu Joseph is back on ice.
18:37 of 1st period - Julius Honka is hit by Michael McLeod and loses puck.
18:50 of 1st period - Wrist shot by Nick Paul.
18:50 of 1st period - Deflect By Myles Bell.
18:50 of 1st period - Stopped by Filip Gustavsson without a rebound.
18:51 of 1st period - Myles Bell wins face-off versus Chase De Leo in Moose zone.
18:56 of 1st period - Snap shot by Myles Bell.
18:56 of 1st period - Shot Misses the Net.
19:04 of 1st period - Myles Bell is hit by Vinni Lettieri and loses puck.
19:21 of 1st period - Wrist shot by Boris Katchouk.
19:21 of 1st period - Goal by Boris Katchouk - Icehogs : 0 - Moose : 2.
19:22 of 1st period - Dylan Strome wins face-off versus Michael Chaput in neutral zone.
19:31 of 1st period - Snap shot by Michael Chaput.
19:31 of 1st period - Shot Blocked by Ludwig Bystrom.
19:33 of 1st period - Wrist shot by Michael Chaput.
19:33 of 1st period - Stopped by Filip Gustavsson without a rebound.
19:34 of 1st period - Michael Chaput wins face-off versus Dylan Strome in Moose zone.
Goals for this period are 0 for Icehogs vs 2 for Moose.
Shots for this period are 7 for Icehogs vs 15 for Moose.
2nd period
0:01 of 2nd period - Dylan Strome wins face-off versus Michael Chaput in neutral zone.
0:26 of 2nd period - Ludwig Bystrom is hit by Nick Mattson and loses puck.
0:49 of 2nd period - Slapshot by Nikolay Goldobin.
0:49 of 2nd period - Shot Misses the Net.
0:51 of 2nd period - Snap shot by Vinni Lettieri.
0:51 of 2nd period - Stopped by Mark Visentin without a rebound.
0:52 of 2nd period - Dylan Strome wins face-off versus Michael Chaput in Icehogs zone.
0:53 of 2nd period - Snap shot by Tomas Jurco.
0:53 of 2nd period - Stopped by Mark Visentin with a rebound.
1:05 of 2nd period - Snap shot by Michael Chaput.
1:05 of 2nd period - Shot Blocked by Kyle Connor.
2:02 of 2nd period - Michael Chaput is hit by Jake Leschyshyn and loses puck.
2:59 of 2nd period - Slapshot by Chase De Leo.
2:59 of 2nd period - Stopped by Mark Visentin with a rebound.
4:12 of 2nd period - Nick Mattson is hit by Chase De Leo and loses puck.
4:26 of 2nd period - Icing by Chase De Leo.
4:27 of 2nd period - Chase De Leo wins face-off versus Nick Paul in Moose zone.
4:41 of 2nd period - Patrick Sieloff is hit by Erik Cernak and loses puck.
5:00 of 2nd period - Snap shot by Mathieu Joseph.
5:00 of 2nd period - Shot Misses the Net.
5:20 of 2nd period - Jake Leschyshyn is hit by Andrew Poturalski and loses puck.
5:45 of 2nd period - Backhand shot by Chase De Leo.
5:45 of 2nd period - Shot Misses the Net.
5:47 of 2nd period - Slapshot by Josh Mahura.
5:47 of 2nd period - Deflect By Stefan Matteau.
5:47 of 2nd period - Stopped by Mark Visentin without a rebound.
5:48 of 2nd period - Dylan Strome wins face-off versus Michael Chaput in Icehogs zone.
6:28 of 2nd period - Slapshot by Michael Chaput.
6:28 of 2nd period - Shot Misses the Net.
6:30 of 2nd period - Snap shot by Michael Chaput.
6:30 of 2nd period - Shot Blocked by Chase De Leo.
6:30 of 2nd period - Chase De Leo from Moose is injured at 6:30 of 2nd period (Lacerated Right Calf).
6:31 of 2nd period - Michael Chaput wins face-off versus Dylan Strome in Moose zone.
6:32 of 2nd period - Snap shot by Stefan Matteau.
6:32 of 2nd period - Stopped by Filip Gustavsson without a rebound.
6:33 of 2nd period - Dylan Strome wins face-off versus Michael Chaput in Moose zone.
6:42 of 2nd period - Snap shot by Tomas Jurco.
6:42 of 2nd period - Stopped by Mark Visentin without a rebound.
6:43 of 2nd period - Dylan Strome wins face-off versus Michael Chaput in Icehogs zone.
6:52 of 2nd period - Wrist shot by Dylan Strome.
6:52 of 2nd period - Stopped by Mark Visentin without a rebound.
6:53 of 2nd period - Dylan Strome wins face-off versus Michael Chaput in Icehogs zone.
7:26 of 2nd period - Slapshot by Stefan Matteau.
7:26 of 2nd period - Stopped by Filip Gustavsson with a rebound.
7:28 of 2nd period - Snap shot by Michael Chaput.
7:28 of 2nd period - Stopped by Filip Gustavsson with a rebound.
7:30 of 2nd period - Wrist shot by Stefan Matteau.
7:30 of 2nd period - Shot Blocked by Ludwig Bystrom.
7:32 of 2nd period - Snap shot by Nick Mattson.
7:32 of 2nd period - Shot Misses the Net.
7:34 of 2nd period - Slapshot by Nick Mattson.
7:34 of 2nd period - Shot Misses the Net.
7:36 of 2nd period - Slapshot by Mike Reilly.
7:36 of 2nd period - Deflect By Michael Chaput.
7:36 of 2nd period - Goal by Michael Chaput - Icehogs : 1 - Moose : 2.
7:37 of 2nd period - Andrew Poturalski wins face-off versus Michael McLeod in neutral zone.
8:02 of 2nd period - Julius Honka is hit by Kyle Connor.
8:32 of 2nd period - Wrist shot by Mirco Mueller.
8:32 of 2nd period - Shot Blocked by Nick Mattson.
8:34 of 2nd period - Slapshot by Mirco Mueller.
8:34 of 2nd period - Stopped by Mark Visentin with a rebound.
8:36 of 2nd period - Snap shot by Julien Gauthier.
8:36 of 2nd period - Shot Misses the Net.
9:32 of 2nd period - Kyle Connor is hit by Stefan Matteau and loses puck.
9:59 of 2nd period - Kurtis Gabriel is hit by Roman Josi and loses puck.
12:43 of 2nd period - Minor Penalty to Mike Reilly for Roughing.
12:44 of 2nd period - Dylan Strome wins face-off versus Stefan Matteau in Icehogs zone.
12:45 of 2nd period - Wrist shot by Kyle Connor.
12:45 of 2nd period - Shot Misses the Net.
12:47 of 2nd period - Slapshot by Mirco Mueller.
12:47 of 2nd period - Shot Blocked by Stefan Matteau.
12:49 of 2nd period - Slapshot by Ludwig Bystrom.
12:49 of 2nd period - Deflect By J.T. Brown.
12:49 of 2nd period - Stopped by Mark Visentin with a rebound.
12:51 of 2nd period - Snap shot by Dylan Strome.
12:51 of 2nd period - Stopped by Mark Visentin with a rebound.
12:53 of 2nd period - Slapshot by Ludwig Bystrom.
12:53 of 2nd period - Shot Blocked by Nick Mattson.
12:55 of 2nd period - Slapshot by Ludwig Bystrom.
12:55 of 2nd period - Stopped by Mark Visentin with a rebound.
12:57 of 2nd period - Snap shot by Kyle Connor.
12:57 of 2nd period - Stopped by Mark Visentin with a rebound.
12:59 of 2nd period - Slapshot by Mirco Mueller.
12:59 of 2nd period - Shot Misses the Net.
14:43 of 2nd period - Penalty to Mike Reilly is over, Mike Reilly is back on ice.
14:56 of 2nd period - Kurtis Gabriel is hit by Nikolay Goldobin and loses puck.
15:13 of 2nd period - Ludwig Bystrom is hit by Patrick Sieloff and loses puck.
15:44 of 2nd period - Mikhail Grigorenko is hit by Roman Josi and loses puck.
17:04 of 2nd period - Wrist shot by Kurtis Gabriel.
17:04 of 2nd period - Shot Misses the Net.
17:06 of 2nd period - Wrist shot by Kurtis Gabriel.
17:06 of 2nd period - Shot Misses the Net.
17:16 of 2nd period - Nick Mattson is hit by Erik Cernak and loses puck.
17:25 of 2nd period - Wrist shot by Michael Chaput.
17:25 of 2nd period - Stopped by Filip Gustavsson with a rebound.
17:45 of 2nd period - Andrew Mangiapane is hit by Nikolay Goldobin and loses puck.
18:10 of 2nd period - Nick Paul is hit by Michael McLeod and loses puck.
18:47 of 2nd period - Mirco Mueller is hit by Kurtis Gabriel.
18:48 of 2nd period - Icing by Mirco Mueller.
18:49 of 2nd period - Myles Bell wins face-off versus Jake Leschyshyn in Moose zone.
18:52 of 2nd period - Wrist shot by Mikhail Grigorenko.
18:52 of 2nd period - Deflect By Kurtis Gabriel.
18:52 of 2nd period - Stopped by Filip Gustavsson with a rebound.
19:06 of 2nd period - Snap shot by Mikhail Grigorenko.
19:06 of 2nd period - Shot Misses the Net.
19:10 of 2nd period - Wrist shot by Kurtis Gabriel.
19:10 of 2nd period - Shot Blocked by Ludwig Bystrom.
19:12 of 2nd period - Snap shot by Kurtis Gabriel.
19:12 of 2nd period - Goal by Kurtis Gabriel - Icehogs : 2 - Moose : 2.
19:13 of 2nd period - Michael Chaput wins face-off versus Dylan Strome in neutral zone.
19:16 of 2nd period - Erik Cernak is hit by Nick Mattson and loses puck.
19:40 of 2nd period - Michael McLeod is hit by Nick Mattson and loses puck.
Goals for this period are 2 for Icehogs vs 0 for Moose.
Shots for this period are 7 for Icehogs vs 11 for Moose.
3rd period
0:01 of 3rd period - Michael Chaput wins face-off versus Dylan Strome in neutral zone.
0:01 of 3rd period - Michael Chaput is hit by Mirco Mueller.
0:27 of 3rd period - Nick Mattson is hit by Nathan Walker and loses puck.
0:36 of 3rd period - Slapshot by Mathieu Joseph.
0:36 of 3rd period - Stopped by Mark Visentin without a rebound.
0:37 of 3rd period - Stefan Matteau wins face-off versus Kyle Connor in Icehogs zone.
0:42 of 3rd period - Roman Josi is hit by Patrick Sieloff and loses puck.
0:47 of 3rd period - Snap shot by Stefan Matteau.
0:47 of 3rd period - Stopped by Filip Gustavsson without a rebound.
0:48 of 3rd period - Michael Chaput wins face-off versus Dylan Strome in Moose zone.
0:51 of 3rd period - Snap shot by Michael Chaput.
0:51 of 3rd period - Stopped by Filip Gustavsson without a rebound.
0:52 of 3rd period - Dylan Strome wins face-off versus Michael Chaput in Moose zone.
0:52 of 3rd period - Dylan Strome is hit by Michael Chaput.
1:17 of 3rd period - Off-side.
1:18 of 3rd period - Michael McLeod wins face-off versus Andrew Poturalski in neutral zone.
1:31 of 3rd period - Slapshot by Hudson Fasching.
1:31 of 3rd period - Deflect By Andrew Poturalski.
1:31 of 3rd period - Shot Hit the Post.
1:31 of 3rd period - Puck is out of play.
1:32 of 3rd period - Dylan Strome wins face-off versus Michael Chaput in Moose zone.
1:48 of 3rd period - J.T. Brown is hit by Tomas Jurco and loses puck.
2:22 of 3rd period - Icing by Roman Josi.
2:23 of 3rd period - Nick Paul wins face-off versus Jake Leschyshyn in Moose zone.
2:24 of 3rd period - Snap shot by Mikhail Grigorenko.
2:24 of 3rd period - Stopped by Filip Gustavsson with a rebound.
2:30 of 3rd period - Wrist shot by Kurtis Gabriel.
2:30 of 3rd period - Goal by Kurtis Gabriel - Icehogs : 3 - Moose : 2.
2:31 of 3rd period - Dylan Strome wins face-off versus Michael Chaput in neutral zone.
2:40 of 3rd period - Wrist shot by Dylan Strome.
2:40 of 3rd period - Shot Blocked by Nick Mattson.
2:42 of 3rd period - Wrist shot by Tomas Jurco.
2:42 of 3rd period - Stopped by Mark Visentin without a rebound.
2:43 of 3rd period - Dylan Strome wins face-off versus J.T. Brown in Icehogs zone.
2:46 of 3rd period - Wrist shot by Tomas Jurco.
2:46 of 3rd period - Stopped by Mark Visentin with a rebound.
2:48 of 3rd period - Slapshot by Kyle Connor.
2:48 of 3rd period - Stopped by Mark Visentin without a rebound.
2:49 of 3rd period - Dylan Strome wins face-off versus Michael Chaput in Icehogs zone.
2:58 of 3rd period - Snap shot by Tomas Jurco.
2:58 of 3rd period - Shot Misses the Net.
3:00 of 3rd period - Wrist shot by Tomas Jurco.
3:00 of 3rd period - Stopped by Mark Visentin with a rebound.
3:02 of 3rd period - Slapshot by Mirco Mueller.
3:02 of 3rd period - Shot Misses the Net.
3:36 of 3rd period - Snap shot by Julius Honka.
3:36 of 3rd period - Shot Blocked by Nikolay Goldobin.
3:56 of 3rd period - Snap shot by Dylan Strome.
3:56 of 3rd period - Stopped by Mark Visentin without a rebound.
3:57 of 3rd period - Dylan Strome wins face-off versus Michael Chaput in Icehogs zone.
4:00 of 3rd period - Snap shot by Tomas Jurco.
4:00 of 3rd period - Shot Blocked by Michael Chaput.
4:08 of 3rd period - Snap shot by Kyle Connor.
4:08 of 3rd period - Shot Misses the Net.
4:10 of 3rd period - Snap shot by Dylan Strome.
4:10 of 3rd period - Shot Blocked by Mike Reilly.
4:12 of 3rd period - Slapshot by Juuso Valimaki.
4:12 of 3rd period - Shot Misses the Net.
5:04 of 3rd period - Mirco Mueller is hit by Stefan Matteau and loses puck.
7:03 of 3rd period - Michael Chaput is hit by Juuso Valimaki.
7:09 of 3rd period - Mike Reilly is hit by Tomas Jurco and loses puck.
8:17 of 3rd period - Mikhail Grigorenko is hit by Mathieu Joseph and loses puck.
8:49 of 3rd period - Nathan Walker is hit by Duncan Siemens and loses puck.
10:41 of 3rd period - Duncan Siemens is hit by Juuso Valimaki and loses puck.
11:28 of 3rd period - Mattias Janmark is hit by Mirco Mueller.
11:38 of 3rd period - Zach Whitecloud is hit by Nathan Walker and loses puck.
12:59 of 3rd period - Backhand shot by Tomas Jurco.
12:59 of 3rd period - Stopped by Mark Visentin with a rebound.
14:14 of 3rd period - Nick Paul is hit by Mirco Mueller and loses puck.
15:50 of 3rd period - Nathan Walker is hit by Hudson Fasching and loses puck.
17:49 of 3rd period - Slapshot by Jeremy Davies.
17:49 of 3rd period - Stopped by Filip Gustavsson with a rebound.
17:51 of 3rd period - Snap shot by Kurtis Gabriel.
17:51 of 3rd period - Shot Misses the Net.
17:57 of 3rd period - Slapshot by Jeremy Davies.
17:57 of 3rd period - Stopped by Filip Gustavsson without a rebound.
17:58 of 3rd period - Stefan Matteau wins face-off versus Michael McLeod in Moose zone.
19:01 of 3rd period - Snap shot by Stefan Matteau.
19:01 of 3rd period - Stopped by Filip Gustavsson with a rebound.
19:03 of 3rd period - Snap shot by Mike Reilly.
19:03 of 3rd period - Goal by Mike Reilly - Icehogs : 4 - Moose : 2.
19:04 of 3rd period - Michael Chaput wins face-off versus Michael McLeod in neutral zone.
19:12 of 3rd period - Wrist shot by Michael Chaput.
19:12 of 3rd period - Shot Misses the Net.
19:58 of 3rd period - Julius Honka is hit by Jake Leschyshyn and loses puck.
Goals for this period are 2 for Icehogs vs 0 for Moose.
Shots for this period are 8 for Icehogs vs 7 for Moose.